cohdb
Replays
Latest Replays
All Replays
Popular Replays
Top Player Replays
Match Explorer
How It Works
Community
CoH3 Stats
Reddit
Sign in to upload your games and track your stats! →
Sign in with Steam
Battle of the Titans - Challenger 4v4
Match 26376265
Overview
Messages
Build Orders
End
Selects Italian Combined Arms Battlegroup
Selects Bersaglieri Squad
Bersaglieri Squad
Kradschützen Motorcycle Team
Bersaglieri Squad
Construct Light Support Kompanie
2.5-tonne Medical Truck
Bersaglieri Squad
Selects Bersaglieri Bolster
Construct Mechanized Kompanie
8 Rad Armored Car
Selects Breda Model 30 Light Machine Guns
254 Reconnaissance Tractor
Marder III Tank Destroyer
Selects Semovente da 75/18 Assault Gun
MatioS
Vetkin
Rajoob(A.AX)
Delta0032
NEP_wilson_NEP
WilllTHENOOBz
Ra11
我小叮当今晚要搞事!
0
0
Comments
sign in to comment!
No comments posted yet!